 Dungeon Crawl Stone Soup version 0.24.0-13-gcf9b3192b9 (webtiles) character file.

Game seed: 492435108954423921, levelgen mode: deterministic

100882 Arum the Fighter (level 15, -10/130 HPs)
             Began as a Demonspawn Gladiator on Nov 5, 2019.
             Was a Priest of Qazlal.
             Killed by divine providence
             ... invoked by Saint Roka
              (17 damage)
             ... on level 2 of the Orcish Mines.
             The game lasted 01:02:12 (27204 turns).

Arum the Fighter (Demonspawn Gladiator)            Turns: 27204, Time: 01:02:13

Health: -10/130    AC: 24    Str: 22    XL:     15   Next: 81%
Magic:  29/33      EV: 20    Int: 11    God:    Qazlal [***...]
Gold:   1450       SH: 11    Dex: 17    Spells: 14/14 levels left

rFire    + . .     SeeInvis .   G - +2 double sword (protect)
rCold    + . .     Gourm    .   r - +1 buckler
rNeg     . . .     Faith    .   l - +3 ring mail {MR+}
rPois    +         Spirit   .   c - +2 helmet
rElec    +         Reflect  .   L - +0 cloak
rCorr    +         Harm     .   g - +0 pair of gloves
MR       ++...                  (no boots)
Stlth    +.........             F - amulet of magic regeneration
HPRegen  0.31/turn              n - ring of magical power
MPRegen  0.48/turn              H - ring of resist corrosion

@: mighty, resistant, protection aura, lightly drained
A: hooves 1, rugged brown scales 2, foul stench 1, rot immunity
a: Upheaval, Elemental Force, Renounce Religion


You were on level 2 of the Orcish Mines.
You worshipped Qazlal.
Qazlal was most pleased with you.
You were not hungry.

You visited 2 branches of the dungeon, and saw 17 of its levels.
You also visited: Sewer.

You collected 2146 gold pieces.
You spent 696 gold pieces at shops.

Inventory:

Hand Weapons
 a - the +1 falchion of Reinforcement {vamp, *Noise rElec rF+ MP+9}
   (You found it on level 13 of the Dungeon)

   It inflicts no extra harm, but heals its wielder when it wounds a living foe.
   It protects you from fire.
   It insulates you from electricity.
   It affects your magic capacity (+9).
   It may make noises in combat.
 A - a +4 great sword of freezing
 G - a +2 double sword of protection (weapon)
 M - a +4 long sword
Missiles
 d - a throwing net (quivered)
 s - 10 silver boomerangs
 z - 27 poisoned darts
 S - 5 boomerangs
Armour
 c - a +2 helmet (worn)
 g - a +0 pair of gloves (worn)
 l - a +3 ring mail of magic resistance (worn)
 r - a +1 buckler (worn)
 L - a +0 cloak (worn)
 Z - the +2 ring mail "Robaehat" {rElec rF+ rC- rCorr}
   (You found it on level 11 of the Dungeon)

   It protects you from fire.
   It makes you vulnerable to cold.
   It insulates you from electricity.
   It provides partial protection from all sources of acid and corrosion.
Jewellery
 n - a ring of magical power (left hand)
 v - an uncursed ring of wizardry
 y - an uncursed amulet of rage
 F - an amulet of magic regeneration (around neck)
 H - a ring of resist corrosion (right hand)
 Q - an uncursed ring of protection from cold
 T - an uncursed ring of protection from cold
Wands
 q - a wand of scattershot (7)
 O - a wand of digging (5)
 Y - a wand of clouds (3)
Scrolls
 i - 6 scrolls of teleportation
 j - 5 scrolls of fog
 k - 4 scrolls of identify
 o - 4 scrolls of enchant armour
 x - a scroll of acquirement
 B - 3 scrolls of amnesia
 C - a scroll of enchant weapon
 D - a scroll of magic mapping
 I - a scroll of blinking
 J - 2 scrolls of fear
 K - 2 scrolls of remove curse
 R - a scroll of silence
Potions
 b - 4 potions of mutation
 e - a potion of curing
 p - 3 potions of berserk rage
 t - 5 potions of flight
 w - 2 potions of magic
 E - 2 potions of brilliance
 N - 2 potions of degeneration {unknown}
 V - 2 potions of cancellation
 X - 2 potions of agility
Miscellaneous
 W - a lamp of fire (inert)
Comestibles
 f - 25 rations
 u - 9 chunks of flesh


   Skills:
 + Level 13.5(13.4) Fighting
 + Level 12.7(12.6) Long Blades
 - Level 1.7 Throwing
 - Level 8.0(7.9) Armour
 + Level 12.7(12.6) Dodging
 - Level 4.1 Shields
 - Level 12.9(12.8) Invocations


You had 14 spell levels left.
You didn't know any spells.
Your spell library contained the following spells:

 Spells                   Type           Power        Failure   Level  Hunger
 Beastly Appendage        Tmut           #.....       47%         1    ##.....
 Confusing Touch          Hex            #.....       47%         1    ##.....
 Flame Tongue             Conj/Fire      #....        47%         1    ##.....
 Infusion                 Chrm           #...         47%         1    ##.....
 Magic Dart               Conj           #...         47%         1    ##.....
 Sandblast                Erth           #.....       47%         1    ##.....
 Summon Small Mammal      Summ           #...         47%         1    ##.....
 Call Imp                 Summ           #.......     63%         2    ###....
 Ensorcelled Hibernation  Hex/Ice        #.....       63%         2    ###....
 Passwall                 Tmut/Erth      #.......     63%         2    ###....
 Poisonous Vapours        Pois/Air       #.....       63%         2    ###....
 Searing Ray              Conj           #.....       63%         2    ###....
 Shroud of Golubria       Chrm/Tloc      #.....       63%         2    ###....
 Song of Slaying          Chrm           #.......     63%         2    ###....
 Sticks to Snakes         Tmut           #.......     63%         2    ###....
 Throw Flame              Conj/Fire      #.....       63%         2    ###....
 Call Canine Familiar     Summ           #.......     85%         3    ####...
 Confuse                  Hex            #.......     85%         3    ####...
 Conjure Flame            Conj/Fire      #.......     85%         3    ####...
 Dazzling Spray           Conj/Hex       #.....       85%         3    ####...
 Gell's Gravitas          Tloc           #.........   85%         3    ####...
 Inner Flame              Hex/Fire       #.......     85%         3    ####...
 Mephitic Cloud           Conj/Pois/Air  #.......     85%         3    ####...
 Regeneration             Chrm/Necr      #.........   85%         3    ####...
 Spectral Weapon          Hex/Chrm       #.......     85%         3    ####...
 Spider Form              Tmut/Pois      #.........   85%         3    ####...
 Stone Arrow              Conj/Erth      #.....       85%         3    ####...
 Summon Guardian Golem    Hex/Summ       #.......     85%         3    ####...
 Force Lance              Conj/Tloc      #.......     99%         4    #####..
 Fulminant Prism          Conj/Hex       #.........   99%         4    #####..
 Ice Form                 Ice/Tmut       #.......     99%         4    #####..
 Iskenderun's Mystic Bla  Conj           #.......     99%         4    #####..
 Petrify                  Tmut/Erth      #.......     99%         4    #####..
 Sticky Flame             Conj/Fire      #.......     99%         4    #####..
 Summon Ice Beast         Ice/Summ       #.......     99%         4    #####..
 Summon Lightning Spire   Summ/Air       #.......     99%         4    #####..
 Blade Hands              Tmut           #.........   100%        5    ######.
 Borgnjor's Vile Clutch   Necr/Erth      #.........   100%        5    ######.
 Fireball                 Conj/Fire      #.........   100%        5    ######.
 Lee's Rapid Deconstruct  Erth           #.........   100%        5    ######.
 Metabolic Englaciation   Hex/Ice        #.........   100%        5    ######.
 Silence                  Hex/Air        #.........   100%        5    ######.
 Yara's Violent Unravell  Hex/Tmut       #.........   100%        5    ######.
 Darkness                 Hex            #.........   100%        6    #######
 Freezing Cloud           Conj/Ice/Air   #.........   100%        6    #######
 Shadow Creatures         Summ           N/A          100%        6    #######
 Ring of Flames           Chrm/Fire      #.........   100%        7    #######


Dungeon Overview and Level Annotations

Branches:
Dungeon (15/15)            Temple (0/1) D:7            Lair (0/6) D:11
    Orc (2/2) D:9             Elf (0/3) Orc:2        Vaults (0/5) D:13
 Depths (0/5) D:15          Sewer (visited)

Altars:
Dithmenos
Gozag
Hepliaklqana
Kikubaaqudgha
Makhleb
Okawaru
Qazlal
Ru
Sif Muna
Trog
Uskayaw
Vehumet
Wu Jian
Xom
The Shining One
Beogh

Shops:
D:4 %   D:5 (*   D:12 :(?(*   D:13 =   Orc:1 }   Orc:2 [(

Annotations:
Orc:2 Saint Roka


Innate Abilities, Weirdness & Mutations

You have large cloven feet.
You are mostly covered in rugged brown scales. (AC +2, +5% HP)
You may emit foul miasma when damaged in melee.
You are immune to rotting.


Message History

You hit Saint Roka but do no damage. You kick Saint Roka, but do no damage.
Saint Roka is severely wounded.
Saint Roka mumbles some strange prayers to Beogh against you.
Beogh smites you!
* * * LOW HITPOINT WARNING * * *
Unknown command.
Unknown command.
Aiming: Upheaval
Press: ? - help, Dir - move target cursor, f - orc warrior, p - Saint Roka
Aim: an orc warrior, wielding a +0 scimitar and wearing a +0 chain mail (unusually strong)
A blizzard blasts the area with ice!
The blast of ice hits the orc warrior!!
You kill the orc warrior!
Qazlal accepts your kill.
The blast of ice hits Saint Roka!!
Saint Roka is almost dead.
Saint Roka is flash-frozen.
Saint Roka invokes the aid of Beogh against you.
Beogh smites you!
You die...

'.##'###.###'#####.# ....
#..........#.......# ...# .
#....##'##.#....#### ... ..
#...)#...#.#)...#..##..# ...
'....#...#..)...'..#...#....
####.#####)####.#.[#........
#).........#..#.####........
#)####.....#..'.####.8...8..
))#).#..⌠..#..#)@o))...(....
#.'..#.....####.####[8...8..
#.#..#..........####........
#.####.#####.####..#........
'......#...#....'..#...#....
######.#.).#....#..##..##...
#### #.##'##....#### ... ...
#.###.............# ...#
###..###.###'#####.#


You could see Saint Roka.

Vanquished Creatures
  Rupert (D:13)
  Agnes (D:14)
  An orc warlord (Orc:2)
  An ettin (Orc:2)
  A yaktaur captain (D:15)
  Josephine (D:11)
  Erolcha (Orc:2)
  4 vault guards (D:13)
  2 hydras
  10 two-headed ogres
  A queen ant (D:10)
  An ogre mage (Orc:1)
  A catoblepas (D:13)
  3 centaur warriors
  A death knight (D:12)
  A wizard (D:13)
  5 unseen horrors
  A wolf spider zombie (D:15)
  A deep elf mage (D:15)
  4 orc knights (Orc:2)
  6 orc sorcerers
  13 ugly things
  4 cyclopes
  4 manticores
  Joseph (D:8)
  2 gargoyles (D:14)
  An efreet (D:15)
  A kobold demonologist (D:12)
  A yaktaur (D:15)
  3 komodo dragons
  8 trolls
  A tengu conjurer (D:15)
  3 meliai (D:14)
  2 hornets
  5 slime creatures (D:12)
  9 hippogriffs
  A shadow (D:13)
  A spriggan (D:8)
  9 yaks
  7 wraiths
  A vampire (D:14)
  5 vampire mosquitoes
  A steam dragon (D:10)
  2 basilisks
  Grum (D:9)
  2 wargs (Orc:2)
  Edmund (D:6)
  3 soldier ants (D:10)
  An acid dragon (D:15)
  6 sky beasts
  46 orc warriors
  An eye of draining (D:14)
  3 black bears
  2 necrophages
  4 ice beasts
  5 phantoms
  6 wolves
  16 ogres
  4 boggarts (D:13)
  14 centaurs
  A crocodile (D:8)
  19 bullfrogs
  8 big kobolds
  A wyvern zombie (D:13)
  A wyvern skeleton (D:14)
  2 scorpions
  3 jellies
  5 killer bees
  7 wights
  12 howler monkeys
  3 electric eels (D:11)
  7 crimson imps
  A bullfrog zombie (D:13)
  A quasit (D:10)
  6 centaur zombies
  13 hounds
  28 orc priests
  2 bullfrog skeletons
  A centaur skeleton (D:6)
  Ijyb (D:4)
  2 iguanas
  28 orc wizards
  23 worker ants
  A statue (D:4)
  2 hound zombies
  A hound skeleton (D:4)
  2 howler monkey zombies
  24 adders
  8 gnolls
  A howler monkey skeleton (D:8)
  A river rat (Sewer)
  3 shadow imps
  4 oozes
  4 adder skeletons
  3 worms
  2 dart slugs (D:1)
  7 leopard geckos
  132 orcs
  17 bats
  9 giant cockroaches
  11 hobgoblins
  12 jackals
  43 kobolds
  7 quokkas
  4 ball pythons
  12 frilled lizards
  11 goblins
  2 jackal skeletons
  12 rats
758 creatures vanquished.

Vanquished Creatures (collateral kills)
  Jorgrun (D:12)
  A hippogriff (shapeshifter) (D:13)
2 creatures vanquished.

Vanquished Creatures (others)
  A manticore (D:13)
  A hornet (D:15)
  A boggart (D:13)
3 creatures vanquished.

Grand Total: 763 creatures vanquished

Notes
Turn   | Place    | Note
-------+----------+-------------------------------------------
     0 | D:1      | Arum the Demonspawn Gladiator began the quest for the Orb.
     0 | D:1      | Reached XP level 1. HP: 16/16 MP: 1/1
    92 | D:1      | Gained mutation: You are partially covered in rugged brown
                  | scales. (AC +1, +3% HP) [demonic ancestry]
    92 | D:1      | Reached XP level 2. HP: 15/23 MP: 2/2
   503 | D:1      | Reached XP level 3. HP: 28/28 MP: 3/3
  1216 | D:2      | Reached XP level 4. HP: 33/35 MP: 4/4
  1221 | D:2      | Reached skill level 3 in Fighting
  1605 | D:2      | Found a hazy altar of Hepliaklqana.
  1606 | D:2      | Found a shimmering altar of Xom.
  1606 | D:2      | Noticed a hell beast
  1607 | D:2      | Noticed a spectral ugly thing
  1607 | D:2      | Noticed a hell beast
  2028 | D:3      | Noticed a phantom
  2282 | D:3      | Killed a phantom
  2282 | D:3      | Gained mutation: You are immune to rotting. [demonic
                  | ancestry]
  2282 | D:3      | Reached XP level 5. HP: 17/43 MP: 5/5
  2483 | D:3      | Found a glowing golden altar of the Shining One.
  3339 | D:4      | Gained mutation: You may emit foul miasma when damaged in
                  | melee. [demonic ancestry]
  3339 | D:4      | Reached XP level 6. HP: 24/49 MP: 6/6
  3462 | D:4      | Reached skill level 4 in Fighting
  3462 | D:4      | Reached skill level 1 in Shields
  3577 | D:4      | Found Kopt's Food Boutique.
  3684 | D:4      | Found a shimmering blue altar of Sif Muna.
  3685 | D:4      | Found a stormy altar of Qazlal.
  3685 | D:4      | Found an ornate altar of the Wu Jian Council.
  3685 | D:4      | Found a hide-covered altar of Uskayaw.
  3696 | D:4      | Found an ancient bone altar of Kikubaaqudgha.
  3696 | D:4      | Found a burning altar of Makhleb.
  3737 | D:4      | Became a worshipper of Qazlal Stormbringer
  3816 | D:4      | Noticed Ijyb
  3838 | D:4      | Killed Ijyb
  4177 | D:4      | Found a radiant altar of Vehumet.
  4855 | D:4      | Reached XP level 7. HP: 46/55 MP: 7/7
  4947 | D:5      | Entered Level 5 of the Dungeon
  5001 | D:5      | Found an opulent altar of Gozag.
  5005 | D:5      | Found Gozag's Platinum Reserve.
  5063 | D:5      | Found a glowing drain.
  5079 | D:5      | Found Qanosera's Antique Weapon Emporium.
  5249 | D:5      | Reached * piety under Qazlal
  5272 | Sewer    | Entered a sewer
  6140 | D:5      | Reached ** piety under Qazlal
  6383 | D:6      | Reached skill level 5 in Long Blades
  6383 | D:6      | Reached skill level 5 in Dodging
  6405 | D:6      | Reached skill level 5 in Fighting
  6405 | D:6      | Gained mutation: You are mostly covered in rugged brown
                  | scales. (AC +2, +5% HP) [demonic ancestry]
  6405 | D:6      | Reached XP level 8. HP: 40/65 MP: 8/8
  6659 | D:6      | Found a shadowy altar of Dithmenos.
  6733 | D:6      | Noticed Edmund
  6746 | D:6      | Killed Edmund
  7537 | D:6      | Reached skill level 1 in Invocations
  7689 | D:7      | Reached skill level 6 in Fighting
  7884 | D:7      | Found a staircase to the Ecumenical Temple.
  8118 | D:7      | Reached XP level 9. HP: 71/72 MP: 11/11
  8527 | D:7      | Reached *** piety under Qazlal
  8830 | D:7      | Reached skill level 5 in Invocations
  9059 | D:7      | Reached skill level 7 in Fighting
  9343 | D:8      | Found a sacrificial altar of Ru.
  9400 | D:8      | Found an iron altar of Okawaru.
  9400 | D:8      | Found a bloodstained altar of Trog.
  9649 | D:8      | Noticed Joseph
  9657 | D:8      | Noticed a troll
  9662 | D:8      | Killed Joseph
  9662 | D:8      | Gained mutation: You have large cloven feet. [demonic
                  | ancestry]
  9662 | D:8      | Reached XP level 10. HP: 69/82 MP: 14/14
 10311 | D:9      | Reached skill level 8 in Fighting
 10641 | D:9      | Noticed Grum
 10650 | D:9      | Killed Grum
 10660 | D:9      | Noticed a two-headed ogre
 10672 | D:9      | Killed a two-headed ogre
 10994 | D:9      | Identified the +4 whip of Defenestration {flame, Str+5
                  | Int+4}
 11006 | D:9      | Reached **** piety under Qazlal
 11143 | D:9      | Noticed a manticore
 11155 | D:9      | Killed a manticore
 11613 | D:9      | Found a staircase to the Orcish Mines.
 12174 | D:10     | Entered Level 10 of the Dungeon
 12186 | D:10     | Reached XP level 11. HP: 91/91 MP: 17/17
 12230 | D:10     | Reached skill level 9 in Fighting
 12753 | D:10     | Noticed a queen ant
 12771 | D:10     | Killed a queen ant
 13599 | D:11     | Noticed a red ugly thing
 13608 | D:11     | Killed a red ugly thing
 13787 | D:11     | Reached skill level 10 in Invocations
 13868 | D:11     | Noticed Josephine
 13871 | D:11     | Killed Josephine
 14271 | D:11     | Got a heavily runed ring mail
 14272 | D:11     | Identified the +2 ring mail "Robaehat" {rElec rF+ rC-
                  | rCorr} (You found it on level 11 of the Dungeon)
 14318 | D:11     | Found a roughly hewn altar of Beogh.
 14330 | D:11     | Reached skill level 10 in Fighting
 14466 | D:11     | Found a staircase to the Lair.
 14896 | D:11     | Noticed a cyan ugly thing
 14896 | D:11     | Noticed a brown ugly thing
 14906 | D:11     | Killed a cyan ugly thing
 14906 | D:11     | Reached skill level 1 in Armour
 14915 | D:11     | Killed a cyan ugly thing
 14915 | D:11     | Reached XP level 12. HP: 34/101 MP: 19/19
 15158 | D:11     | Noticed a two-headed ogre
 15169 | D:11     | Killed a two-headed ogre
 16151 | D:12     | Got a pair of dazzling gloves
 16185 | D:12     | Identified the cursed +0 pair of gloves of Tolomoyxt
                  | {*Corrode Str+4 SInv} (You found it on level 12 of the
                  | Dungeon)
 16246 | D:12     | Noticed Jorgrun
 16256 | D:12     | Killed Jorgrun
 16256 | D:12     | Reached skill level 10 in Dodging
 16274 | D:12     | Noticed a two-headed ogre
 16282 | D:12     | Reached skill level 10 in Long Blades
 16291 | D:12     | Killed a two-headed ogre
 16507 | D:12     | Found Biryzom's Antique Weapon Shoppe.
 16543 | D:12     | Found Walox's General Store.
 16629 | D:12     | Found Culeopn's Magic Scroll Emporium.
 16635 | D:12     | Bought a scroll of identify for 24 gold pieces
 16635 | D:12     | Bought a scroll of identify for 24 gold pieces
 16635 | D:12     | Bought a scroll of identify for 24 gold pieces
 16635 | D:12     | Bought a scroll of acquirement for 624 gold pieces
 16856 | D:12     | Found Taisann's Antique Weapon Shoppe.
 17107 | D:12     | Found Finuoxt's Book Shop.
 17296 | D:12     | Reached skill level 11 in Fighting
 17822 | D:13     | Noticed a two-headed ogre
 17834 | D:13     | Killed a two-headed ogre
 18083 | D:13     | Noticed a catoblepas
 18097 | D:13     | Killed a catoblepas
 18134 | D:13     | Noticed a seven-headed hydra
 18159 | D:13     | Noticed a vault guard
 18161 | D:13     | Noticed a vault guard
 18166 | D:13     | Killed an 18-headed hydra
 18171 | D:13     | Reached skill level 5 in Armour
 18171 | D:13     | Reached XP level 13. HP: 41/111 MP: 20/20
 19352 | D:13     | Found a gate to the Vaults.
 20169 | D:13     | Got a jewelled falchion
 20170 | D:13     | Identified the cursed +1 falchion of Reinforcement {vamp,
                  | *Noise rElec rF+ MP+9} (You found it on level 13 of the
                  | Dungeon)
 20230 | D:13     | Noticed Rupert
 20271 | D:13     | Paralysed by Rupert for 5 turns
 20302 | D:13     | Killed Rupert
 20974 | D:13     | Found Heshrim's Jewellery Shop.
 21048 | D:14     | Reached skill level 12 in Fighting
 21991 | D:14     | Noticed Agnes
 22013 | D:14     | Killed Agnes
 22253 | D:15     | Entered Level 15 of the Dungeon
 22402 | D:15     | Reached XP level 14. HP: 42/121 MP: 21/21
 23221 | D:15     | HP: 3/121 [yaktaur captain/bolt (17)]
 24076 | D:15     | Reached XP level 15. HP: 128/128 MP: 24/24
 24519 | D:15     | Found a staircase to the Depths.
 24724 | Orc:1    | Entered Level 1 of the Orcish Mines
 25166 | Orc:1    | Reached skill level 13 in Fighting
 25472 | Orc:2    | Entered Level 2 of the Orcish Mines
 25961 | Orc:1    | Found Dailoi's Gadget Shoppe.
 26160 | Orc:2    | Noticed an orc warlord
 26179 | Orc:2    | Killed an orc warlord
 26467 | Orc:2    | Found a roughly hewn altar of Beogh.
 26493 | Orc:2    | Found Guopry's Antique Armour Boutique.
 26696 | Orc:2    | Found Hyg Pegg's Antique Weapon Shop.
 26864 | Orc:2    | Noticed Erolcha
 26873 | Orc:2    | Killed Erolcha
 27093 | Orc:2    | Found a staircase to the Elven Halls.
 27175 | Orc:2    | Noticed Saint Roka
 27204 | Orc:2    | Killed from afar by Saint Roka

Levels and vault maps discovered:
D:1:      dpeg_arrival_rooms_a, layout_loops_ring, hangedman_decor_peaks_small
D:2:      cheibrodos_greedy_goblins, layout_basic,
          regret_index_temple_of_mockery, first_ration
D:3:      layout_basic, lemuel_doored_altar
D:4:      minmay_angry_zag, layout_basic, vehumet_statue,
          minmay_overflow_temple_hex, serial_shops, nicolae_shop_statue_plus,
          serial_forest, infiniplex_forest_lined_2,
          infiniplex_forest_clump_large, infiniplex_forest_lined_4_way,
          infiniplex_forest_lined_ring, infiniplex_forest_end_1,
          infiniplex_forest_end_3, infiniplex_forest_clump_curved, uniq_ijyb
D:5:      layout_loops_ring, serial_shops, shop, gup_sewer_entry_glass,
          nicolae_gozag_zags_fifth_avenue
D:6:      layout_basic, grunt_dithmenos_smoke, uniq_edmund
D:7:      layout_gridville, minmay_temple_entry_waves
D:8:      layout_loops_ring, grunt_temple_overflow_bloody_war, grunt_pizzeria,
          nicolae_ru_the_path_less_chosen, uniq_joseph
D:9:      layout_small_grid, hiddenorc2_lemuel, uniq_grum
D:10:     layout_basic, serial_corexii_hall, corexii_hall_statues_s,
          corexii_hall_statues_i, minmay_another_anthill
D:11:     layout_roguey [special_room_orc], erik_lair_island, uniq_josephine
D:12:     layout_irregular_city, serial_shops, shop_statue,
          nicolae_shop_statue_plus, nicolae_shop_stone, shop, shop,
          minmay_curled_crystal, uniq_jorgrun
D:13:     layout_basic, lightli_vaults_fourway_checkpoint, serial_shops,
          nicolae_shop_trees, uniq_rupert
D:14:     layout_loops_ring, minmay_misc_feat_tiny, roderic_batcave, uniq_agnes
D:15:     grunt_enter_depths_snipers, layout_rooms, minmay_misc_feat_room,
          minmay_strange_pillars, minmay_mirror_moons_of_madness
Orc:1:    layout_diamond_mine, serial_shops, nicolae_shop_crystal
Orc:2:    pubby_orc_utopia, uniq_erolcha

Skill      XL: |  1  2  3  4  5  6  7  8  9 10 11 12 13 14 15 |
---------------+----------------------------------------------+-----
Long Blades    | 3 4 5 6 7 8 9 10 11 12 | 12.7
Dodging        | 3 4 5 6 7 8 9 10 11 12 | 12.7
Fighting       | 3 4 5 6 7 8 10 11 12 13 | 13.5
Shields        | 2 3 4 |  4.1
Invocations    | 3 6 8 10 12 | 12.9
Armour         | 1 5 7 8 |  8.0
Throwing       | |  1.7

Action                   |  1- 3 |  4- 6 |  7- 9 | 10-12 | 13-15 || total
-------------------------+-------+-------+-------+-------+-------++-------
Melee: Long sword        |   110 |   254 |   508 |   890 |   158 ||  1920
       Kick              |       |       |       |   349 |   405 ||   754
       Double sword      |       |       |       |       |   686 ||   686
       Falchion          |       |       |       |       |    84 ||    84
Throw: Boomerang         |       |       |     1 |     1 |    12 ||    14
       Dart              |       |       |       |       |    22 ||    22
       Throwing net      |       |       |       |       |     4 ||     4
Invok: Upheaval          |       |       |       |    23 |    27 ||    50
       Elemental Force   |       |       |       |     2 |       ||     2
Evoke: Wand              |       |     2 |     7 |    21 |     4 ||    34
       Lamp of fire      |       |       |       |       |     3 ||     3
  Use: Scroll            |       |       |     8 |    18 |     3 ||    29
       Potion            |       |       |     2 |     1 |    16 ||    19
 Stab: Paralysed         |       |     4 |    12 |    11 |       ||    27
       Confused          |       |       |       |     5 |     2 ||     7
       Held in net/web   |       |       |       |       |     3 ||     3
  Eat: Chunk             |     1 |    12 |    17 |    25 |    20 ||    75
       Ration            |       |       |       |     1 |     3 ||     4
Armor: Leather armour    |     4 |       |       |       |       ||     4
       Ring mail         |    55 |    98 |   167 |   185 |   224 ||   729
       Skin              |       |       |       |     2 |     2 ||     4
Dodge: Dodged            |   101 |   174 |   268 |   511 |   473 ||  1527
       Deflected         |       |       |       |    15 |     9 ||    24
Block: Buckler           |       |    14 |   191 |   518 |   476 ||  1199
       Rpst.: Long sword |    33 |    49 |    82 |   112 |    18 ||   294
       Double sword      |       |       |       |       |   108 ||   108
       Falchion          |       |       |       |       |     3 ||     3
